 Dungeon Crawl Stone Soup version 0.32-a0-999-gfa1cc04b1d (webtiles) character file.

Game seed: 4663476859972158421

193884 ragingrage the Brawler (level 17, -4/169 (182) HPs)
             Began as a Demigod Shapeshifter on Apr 25, 2024.
             Slain by a redback (5 damage)
             ... on level 2 of the Spider Nest.
             The game lasted 00:45:34 (31044 turns).

ragingrage the Brawler (Demigod Shapeshifter)      Turns: 31044, Time: 00:45:35

HP:   -4/169 (182)  AC:  4    Str: 36    XL:     17   Next: 46%
MP:   20/20         EV: 14    Int: 12    God:
Gold: 1788          SH:  0    Dex: 17    Spells: 16/16 levels left

rFire   . . .        b - melded +1 dagger (venom)
rCold   . . .        (shield currently unavailable)
rNeg    . . .        H - melded +3 scale mail {rPois}
rPois   +            q - melded +0 helmet
rElec   .            D - melded +2 cloak
rCorr   .            y - melded +2 pair of gloves {hurl}
SInv    .            j - melded +2 pair of boots
Will    ++...        v - amulet of regeneration
Stlth   +            P - +4 ring of protection
HPRegen 1.28/turn    g - +4 ring of protection
MPRegen 0.17/turn

%: no passive effects
@: confused, snake-form, corroded, slowed, drained, very slow
A: constrict, boosted hp, large, high MP 1, forlorn, divine attributes, (talons
1), strong-willed 1, inability to read after injury 1
a: Begin Untransformation


You were on level 2 of the Spider Nest.
You were an enormous serpent.
You visited 5 branches of the dungeon, and saw 28 of its levels.
You also visited: Ossuary, Bailey and Ice Cave.

You collected 2751 gold pieces.
You spent 963 gold pieces at shops.

Inventory:

Hand Weapons
 b - a +1 dagger of venom (melded)
Missiles
 a - 7 curare-tipped darts
 f - a throwing net
Armour
 h - a +2 pair of boots
 j - a +2 pair of boots (melded)
 q - a +0 helmet (melded)
 y - a +2 pair of gloves of hurling (melded)
 D - a +2 cloak (melded)
 H - a +3 scale mail of poison resistance (melded)
Jewellery
 g - a +4 ring of protection (right hand)
 v - an amulet of regeneration (around neck)
 E - the ring "Odecen" {rElec Int+4 Dex+6}
   (You took it off a spriggan on level 5 of the Lair of Beasts)

   [ring of dexterity]

   Int+4:     It affects your intelligence (+4).
   Dex+6:     It affects your dexterity (+6).
   rElec:     It insulates you from electricity.
 P - a +4 ring of protection (left hand)
 W - the ring of Samouw {rC+ Int+4}
   (You found it in an ice cave)

   [ring of protection from cold]

   Int+4:     It affects your intelligence (+4).
   rC+:       It protects you from cold.
Talismans
 Q - a blade talisman
 R - a serpent talisman (active)
Wands
 d - a wand of mindburst (24)
 l - a wand of polymorph (5)
 r - a wand of acid (8)
 t - a wand of flame (89) (quivered)
 B - a wand of roots (17)
 F - a wand of paralysis (24)
 L - a wand of digging (6)
Scrolls
 c - a scroll of summoning
 m - 9 scrolls of teleportation
 n - 4 scrolls of revelation
 o - 7 scrolls of immolation
 s - 6 scrolls of identify
 w - 9 scrolls of noise
 x - 7 scrolls of fog
 C - a scroll of fear
 K - 6 scrolls of poison
 X - 6 scrolls of vulnerability
 Z - 2 scrolls of blinking
Potions
 e - a potion of cancellation
 i - 4 potions of invisibility
 k - 5 potions of magic
 p - 2 potions of brilliance
 u - 6 potions of curing
 z - 5 potions of enlightenment
 A - 2 potions of haste
 G - 3 potions of heal wounds
 I - 2 potions of attraction
 M - 2 potions of resistance
 N - 3 potions of mutation
 U - 4 potions of berserk rage
 V - 4 potions of might
 Y - 3 potions of lignification
Miscellaneous
 J - a lightning rod (2/4)
 O - a phial of floods
 S - a condenser vane (inert)
 T - a sack of spiders (inert)


   Skills:
 + Level 14.2 Fighting
 - Level 5.5 Armour
 - Level 10.0 Dodging
 - Level 5.0 Stealth
 + Level 18.2 Unarmed Combat
 - Level 9.0 Evocations
 + Level 14.9 Shapeshifting


You had 16 spell levels left.
You didn't know any spells.
Your spell library contained the following spells:

 Spells                   Type           Power      Damage    Failure   Level
 Apportation              Tloc           0%         N/A       32%         1
 Kiss of Death            Conj/Necr      0%         2d5       32%         1
 Magic Dart               Conj           0%         1d3       32%         1
 Necrotise                Necr           0%         1d4       32%         1
 Shock                    Conj/Air       0%         1d3       32%         1
 Sting                    Conj/Alch      0%         1d3       32%         1
 Summon Small Mammal      Summ           0%         N/A       32%         1
 Lesser Beckoning         Tloc           0%         N/A       45%         2
 Mercury Vapours          Alch/Air       0%         N/A       45%         2
 Searing Ray              Conj           0%         2d4       45%         2
 Sublimation of Blood     Necr           0%         N/A       45%         2
 Confusing Touch          Hex            0%         N/A       69%         3
 Fugue of the Fallen      Necr           0%         N/A       69%         3
 Inner Flame              Hex/Fire       0%         N/A       69%         3
 Maxwell's Portable Pile  Tloc           0%         2d(5-13)  69%         3
 Swiftness                Air            0%         N/A       69%         3
 Teleport Other           Tloc           0%         N/A       69%         3
 Airstrike                Air            0%         2d(0-16)  97%         4
 Cause Fear               Hex            0%         N/A       97%         4
 Dispel Undead            Necr           0%         3d6       97%         4
 Fulminant Prism          Conj/Alch      0%         3d5       97%         4
 Leda's Liquefaction      Alch/Erth      0%         N/A       97%         4
 Olgreb's Toxic Radiance  Alch           0%         N/A       97%         4
 Arcjolt                  Conj/Air       0%         1d10      100%        5
 Curse of Agony           Necr           0%         N/A       100%        5
 Fireball                 Conj/Fire      0%         3d3       100%        5
 Irradiate                Conj/Alch      0%         3d11      100%        5
 Lee's Rapid Deconstruct  Erth           0%         3d4*      100%        5
 Summon Mana Viper        Hex/Summ       0%         N/A       100%        5
 Death Channel            Necr           0%         N/A       100%        6
 Dispersal                Tloc           0%         N/A       100%        6
 Gell's Gavotte           Tloc           0%         2d(11-16) 100%        6
 Permafrost Eruption      Ice/Erth       0%         2x4d1     100%        6
 Rimeblight               Ice/Necr       0%         2d3       (prima100%   7
 Spellforged Servitor     Conj/Summ      0%         N/A       100%        7
 Ignition                 Fire           0%         3d3       100%        8
 Death's Door             Necr           0%         N/A       100%        9


Dungeon Overview and Level Annotations

Branches:
Dungeon (15/15)            Temple (0/1) D:7            Lair (5/5) D:9
  Swamp (4/4) Lair:3       Spider (2/4) Lair:2        Slime (0/5) Lair:4
    Orc (2/2) D:9             Elf (0/3) Orc:2        Vaults (0/5) D:13
 Depths (0/4) D:15        Ossuary (visited)          Bailey (visited)
  IceCv (visited)

Shops:
D:10 *   D:13 =   Orc:2 ![==

Annotations:
D:7 3 runed translucent doors, Valrug's ghost, novice TrFi
D:11 Psyche
Swamp:2 3 runed translucent doors, Xoareq's ghost, journeyman DgAl
Swamp:4 exclusion: the Lernaean hydra, Lernaean hydra


Innate Abilities, Weirdness & Mutations

You are an enormous serpent.
You have a powerful constriction melee attack.
Your maximum health is increased.
Your armour is entirely melded.
You are incapable of wielding weapons or throwing items.
You have an increased reservoir of magic. (+10% MP)
You shall have no god before yourself.
Your divine heritage dramatically boosts your attributes as you level up.
((You have sharp toenails.))
You are strong-willed. (Will+)
You occasionally lose the ability to read scrolls when taking damage.


Message History

Being near the torpor snail leaves you feeling lethargic.
You miss the tarantella.
You feel very sick. The redback bites you. The tarantella touches you!
The redback barely misses you. The redback misses you.
You lash the tarantella!
You feel very sick. The tarantella touches you! The redback bites you.
The redback closely misses you. The tarantella touches you!
The tarantella barely misses you.
You feel better. The redback bites you! The redback closely misses you.
The tarantella closely misses you. The culicivora barely misses you.
The redback barely misses you. x2; The tarantella closely misses you.
The tarantella completely misses you. The culicivora misses you.
The culicivora barely misses you.
Okay, then.
Clouds condense from the air!
The condenser dries out!
The redback misses you. The redback bites you!
* * * LOW HITPOINT WARNING * * *
The tarantella barely misses you.
The tarantella touches you but does no damage.
The culicivora misses you.
The culicivora is engulfed in freezing vapours.
The culicivora bites you.
* * * LOW HITPOINT WARNING * * *
The culicivora draws strength from your injuries!
The redback bites you.
* * * LOW HITPOINT WARNING * * *
The redback closely misses you. The tarantella closely misses you.
The culicivora bites you!!
* * * LOW HITPOINT WARNING * * *
The culicivora draws strength from your injuries!
The tarantella touches you!
* * * LOW HITPOINT WARNING * * *
You are afflicted by dizzying energies!
You are confused.
The culicivora is engulfed in freezing vapours.
The culicivora completely misses you. The redback barely misses you.
The redback bites you.
You die...

#.#.............^##
...^.............#####
..............##..##.#
......##.............####
...§.. #................#
...§§w###.............#.#
...#...§§#§...........).#
#..#..§sss§§#^#####....#
#...§§SsB§.##....#...#
#..#...§ss#§###.#.###.##
#. ####§§§§.#......#..# #
##...#..#.#...#.#.#
#.....#.#......##.#
###..<#.#.#.#.#.#.#
#.#.†..#######..#
#####.#.# #.# #..... ..#


You could see an entropy weaver, a torpor snail, 2 culicivoras, 2 tarantellas
and 2 redbacks.

Vanquished Creatures
  2 thorn hunters
  Donald (Spider:1)
  2 fenstrider witches (Swamp:2)
  Louise (D:14)
  An orc warlord (Bailey)
  A very ugly thing (IceCv)
  4 eleionomae
  2 bunyips (Swamp:1)
  Snorg (D:14)
  A quicksilver dragon zombie (D:15)
  An entropy weaver (Spider:2)
  A shambling mangrove (Swamp:3)
  A spriggan air mage (Swamp:3)
  14 hydras
  3 vault guards (D:13)
  2 radroaches
  7 alligators
  A catoblepas (Lair:3)
  7 centaur warriors
  An ogre mage (Orc:2)
  A ghost crab (Swamp:1)
  8 death yaks
  3 tengu warriors
  3 two-headed ogres
  9 boulder beetles
  A demonic crawler (Spider:1)
  Urug (Lair:4)
  A shock serpent (shapeshifter) (D:14)
  A storm dragon zombie (D:15)
  6 skeletal warriors
  2 goliath frogs
  3 pharaoh ants
  4 spriggan druids
  A flayed ghost (D:15)
  2 orb spiders
  14 swamp dragons
  2 skysharks
  2 arcanists (D:13)
  3 harpies (D:15)
  An orange crystal statue (IceCv)
  12 bog bodies
  3 spriggan simulacra (IceCv)
  A deep elf pyromancer (D:13)
  2 steelbarb worms (Spider:1)
  Pikel (D:4)
  An obsidian statue (IceCv)
  2 obsidian bats (Orc:2)
  3 orc knights (Bailey)
  6 wolf spiders (Spider:1)
  3 necromancers
  14 ugly things
  2 oklob plants
  2 manticores
  4 will-o-the-wisps
  9 orc sorcerers (Orc:2)
  Maurice (D:8)
  8 cyclopes
  2 meliai
  A guardian serpent (shapeshifter) (D:15)
  5 black mambas
  A kobold blastminer (Orc:2)
  12 elephants
  A torpor snail (Lair:5)
  7 cane toads
  Jeremiah (D:6)
  3 ice statues
  5 gargoyles
  2 rime drakes
  4 unseen horrors
  A yaktaur (D:15)
  2 kobold demonologists (D:11)
  5 freezing wraiths (IceCv)
  6 komodo dragons
  A golden dragon simulacrum (IceCv)
  6 polar bears
  7 ice devils (IceCv)
  4 tyrant leeches
  13 hornets
  7 trolls
  An alligator simulacrum (IceCv)
  3 tarantellas
  11 jumping spiders
  A spriggan zombie (D:15)
  Grinder (D:4)
  18 blink frogs
  8 dream sheep
  3 culicivoras (Spider:1)
  5 slime creatures
  3 dire elephant simulacra (IceCv)
  A shadow (D:10)
  21 spriggans
  16 humans (D:13)
  7 wyverns
  A wyvern (shapeshifter) (D:13)
  64 yaks
  22 vampire mosquitoes
  A hog (shapeshifter) (D:14)
  3 wraiths
  Grum (D:10)
  10 redbacks
  2 steam dragons
  A warg (Orc:2)
  Menkaure (Ossuary)
  2 minotaur simulacra (IceCv)
  5 basilisks
  A harpy simulacrum (IceCv)
  15 swamp worms
  2 acid dragons
  13 swamp drakes
  10 water moccasins
  28 orc warriors
  2 sky beasts
  A laughing skull (D:14)
  2 black bears (Lair:5)
  12 ogres
  5 boggarts (Lair:5)
  14 centaurs
  28 wolves
  3 lemures (D:4)
  3 kobold brigands
  A phantom (D:6)
  11 bullfrogs
  A gnoll sergeant (D:9)
  A scorpion (D:4)
  3 deep troll simulacra (IceCv)
  12 wights
  A troll zombie (Ossuary)
  13 killer bees
  9 electric eels
  3 howler monkeys
  A human zombie (Ossuary)
  4 centaur zombies (Ossuary)
  3 jellies
  A jelly (shapeshifter) (D:13)
  16 orc priests
  2 sleepcaps
  8 hounds
  Crazy Yiuf (D:2)
  A gnoll bouda (D:10)
  3 iguanas (D:5)
  30 orc wizards
  6 mummies (Ossuary)
  9 gnolls
  10 adders
  A shadow imp (D:8)
  A white imp (D:7)
  An adder zombie (Ossuary)
  5 dart slugs
  78 orcs
  3 bats
  8 endoplasms
  3 giant cockroaches
  36 goblins
  22 hobgoblins
  7 jackals
  5 ball pythons
  6 frilled lizards
  5 goblin zombies (Ossuary)
  5 hobgoblin zombies (Ossuary)
  10 kobolds
  5 kobold zombies (Ossuary)
  2 orc zombies (Ossuary)
  3 quokka zombies (Ossuary)
  5 rats
  3 rat zombies (Ossuary)
  A butterfly (Lair:2)
1008 creatures vanquished.

Vanquished Creatures (collateral kills)
  An Ice Fiend (IceCv)
  A goliath frog (Swamp:2)
  A hornet (Swamp:2)
  A spriggan (Swamp:2)
  3 vampire mosquitoes (Swamp:2)
  An orc (Bailey)
  2 goblins (Bailey)
10 creatures vanquished.

Vanquished Creatures (others)
  An eleionoma (Swamp:2)
  5 bloated husks
  2 orc wizards (Orc:2)
  22 foxfires
30 creatures vanquished.

Grand Total: 1048 creatures vanquished

Notes
Turn   | Place    | Note
-------+----------+-------------------------------------------
     0 | D:1      | ragingrage the Demigod Shapeshifter began the quest for the
                  | Orb.
     0 | D:1      | Reached XP level 1. HP: 15/15 MP: 3/3
   306 | D:1      | Reached skill level 3 in Unarmed Combat
   388 | D:1      | Reached skill level 1 in Stealth
   443 | D:1      | Reached XP level 2. HP: 17/22 MP: 4/4
  1186 | D:2      | Reached XP level 3. HP: 27/27 MP: 5/5
  1527 | D:2      | Got Uvashe Inedgh's Vellum of the Deathly Wyrd
  1575 | D:2      | Found a runed translucent door.
  1576 | D:2      | Noticed Crazy Yiuf
  2002 | D:3      | Reached XP level 4. HP: 34/34 MP: 6/6
  2544 | D:4      | Reached XP level 5. HP: 32/39 MP: 7/7
  2562 | D:4      | Noticed Grinder
  2601 | D:4      | Paralysed by Grinder for 3 turns
  2624 | D:4      | Killed Grinder
  2625 | D:4      | Reached skill level 5 in Shapeshifting
  2625 | D:4      | Reached XP level 6. HP: 46/46 MP: 8/8
  3076 | D:5      | Entered Level 5 of the Dungeon
  3448 | D:4      | Noticed Pikel
  3614 | D:5      | Reached skill level 4 in Unarmed Combat
  3614 | D:5      | Reached XP level 7. HP: 40/51 MP: 9/9
  4126 | D:6      | Noticed Jeremiah
  4448 | D:6      | Found a sand-covered staircase.
  4458 | Ossuary  | Entered an ossuary
  4605 | Ossuary  | Reached skill level 5 in Unarmed Combat
  4801 | Ossuary  | Noticed Menkaure
  4828 | Ossuary  | Gained mutation: You are strong-willed. (Will+) [potion of
                  | mutation]
  4828 | Ossuary  | Gained mutation: You occasionally lose the ability to read
                  | scrolls when taking damage. [potion of mutation]
  4828 | Ossuary  | Gained mutation: You have sharp toenails. [potion of
                  | mutation]
  4837 | Ossuary  | Killed Menkaure
  4838 | Ossuary  | Reached skill level 6 in Unarmed Combat
  4838 | Ossuary  | Reached XP level 8. HP: 21/58 MP: 10/10
  5122 | D:6      | Reached skill level 7 in Unarmed Combat
  5216 | D:7      | Found a staircase to the Ecumenical Temple.
  5299 | D:7      | Reached skill level 8 in Unarmed Combat
  5299 | D:7      | Reached skill level 1 in Fighting
  5667 | D:7      | Found a runed translucent gate.
  5667 | D:7      | Found a runed translucent gate.
  5667 | D:7      | Found a runed translucent gate.
  5670 | D:7      | Noticed Valrug's ghost (novice TrFi)
  5831 | D:2      | Killed Crazy Yiuf
  5999 | D:4      | Killed Pikel
  6000 | D:4      | Reached XP level 9. HP: 68/71 MP: 11/11
  6113 | D:6      | Killed Jeremiah
  6114 | D:6      | Reached skill level 5 in Dodging
  6336 | D:8      | Reached skill level 1 in Evocations
  6454 | D:8      | Paralysed by a hornet for 1 turns
  6474 | D:8      | Paralysed by a hornet for 1 turns
  6879 | D:8      | Reached skill level 5 in Fighting
  7151 | D:8      | Noticed Maurice
  7181 | D:8      | Something stole 432 gold
  7184 | D:8      | Something stole 3 atropa-tipped darts
  7189 | D:8      | Killed Maurice
  7190 | D:8      | Reached XP level 10. HP: 81/81 MP: 13/13
  7260 | D:9      | Noticed a boulder beetle
  7296 | D:9      | Killed a boulder beetle
  7297 | D:9      | Reached skill level 9 in Unarmed Combat
  7460 | D:9      | Found a staircase to the Lair.
  7549 | D:9      | Reached skill level 10 in Unarmed Combat
  7781 | D:9      | Found a flagged portal.
  7801 | Bailey   | Entered a bailey
  8003 | Bailey   | Noticed an orc warlord
  8004 | Bailey   | Noticed an orc knight
  8053 | Bailey   | Noticed an orc knight
  8054 | Bailey   | Noticed an orc knight
  8077 | Bailey   | Killed an orc knight
  8078 | Bailey   | Killed an orc knight
  8079 | Bailey   | Reached XP level 11. HP: 79/91 MP: 14/14
  8140 | Bailey   | Killed an orc warlord
  8147 | Bailey   | Killed an orc knight
  8458 | D:9      | Acquired a manual of Shapeshifting
  8561 | D:9      | Found a staircase to the Orcish Mines.
  8869 | D:9      | Noticed a two-headed ogre
  8881 | D:9      | Killed a two-headed ogre
  8964 | D:9      | Reached skill level 11 in Unarmed Combat
  8964 | D:9      | Reached XP level 12. HP: 97/100 MP: 15/15
  8965 | D:9      | Reached skill level 13 in Unarmed Combat
  8965 | D:9      | Reached XP level 13. HP: 103/105 MP: 16/16
  9165 | D:10     | Entered Level 10 of the Dungeon
  9353 | D:10     | Noticed Grum
  9404 | D:10     | Killed Grum
  9760 | D:10     | Found Ytuinead's Mass Market.
 10304 | D:11     | Noticed Psyche
 10816 | Lair:1   | Entered Level 1 of the Lair of Beasts
 11060 | Lair:1   | Found a dark tunnel.
 12052 | Lair:2   | Reached XP level 14. HP: 118/118 MP: 17/17
 12413 | Lair:2   | Found a hole to the Spider Nest.
 12488 | Lair:2   | Got the Tractate on the Damaging Catacomb
 12490 | Lair:2   | Got Miut's Further Progress in the Sealed Traditions
 13182 | Lair:3   | Found a staircase to the Swamp.
 13633 | Lair:3   | Reached skill level 14 in Unarmed Combat
 13637 | Lair:3   | Reached skill level 10 in Dodging
 13879 | Lair:4   | Reached skill level 10 in Fighting
 14002 | Lair:4   | Found a staircase to the Slime Pits.
 14131 | Lair:4   | Noticed Urug
 14138 | Lair:4   | Killed Urug
 14435 | Lair:5   | Entered Level 5 of the Lair of Beasts
 14921 | Lair:5   | Identified the ring "Odecen" {rElec Int+4 Dex+6}
 15437 | Lair:5   | Reached skill level 15 in Unarmed Combat
 15989 | Lair:5   | Reached skill level 16 in Unarmed Combat
 16312 | Lair:5   | Reached XP level 15. HP: 126/126 MP: 18/18
 16506 | Orc:1    | Entered Level 1 of the Orcish Mines
 16654 | Orc:2    | Entered Level 2 of the Orcish Mines
 16679 | Orc:2    | Found a staircase to the Elven Halls.
 17326 | Orc:2    | Found Obbirghe's Jewellery Boutique.
 17432 | Orc:2    | Found Girotsei's Jewellery Boutique.
 17545 | Orc:2    | Found Fusocime's Antique Armour Boutique.
 17555 | Orc:2    | Found Qoaf's Distillery.
 17585 | Orc:2    | Bought 2 potions of enlightenment for 130 gold pieces
 17585 | Orc:2    | Bought 2 potions of curing for 78 gold pieces
 17585 | Orc:2    | Bought a potion of might for 52 gold pieces
 18277 | Orc:2    | Bought a pitted plate armour for 532 gold pieces
 18277 | Orc:2    | Identified the +5 plate armour of the Everdark {Slay+2}
                  | (You bought it in a shop on level 2 of the Orcish Mines)
 18277 | Orc:2    | Bought a distressingly furry scale mail for 171 gold pieces
 18277 | Orc:2    | Identified the +4 scale mail of Demonic Happiness {rElec
                  | rCorr Int+3} (You bought it in a shop on level 2 of the
                  | Orcish Mines)
 19088 | D:12     | Reached skill level 5 in Evocations
 19243 | D:13     | Identified the +1 war axe of Chaos {holy, rC+}
 19367 | D:13     | Reached skill level 5 in Stealth
 20260 | D:13     | Found a gate to the Vaults.
 20468 | D:13     | Found Geosonne's Jewellery Emporium.
 20970 | D:14     | Got the Enchiridion on Evil
 21823 | D:14     | Noticed Snorg
 21826 | D:14     | Killed Snorg
 21937 | D:14     | Noticed Louise
 21965 | D:14     | Killed Louise
 22073 | D:15     | Entered Level 15 of the Dungeon
 22280 | D:15     | Reached XP level 16. HP: 139/139 MP: 19/19
 22545 | D:15     | Found a staircase to the Depths.
 22569 | D:15     | Reached skill level 17 in Unarmed Combat
 22607 | D:15     | Identified the +8 chain mail of the Jabberwock {-Tele Will+
                  | Dex+4}
 22974 | Swamp:1  | Entered Level 1 of the Swamp
 23696 | Swamp:2  | Reached skill level 1 in Armour
 24233 | Swamp:2  | Found a runed translucent gate.
 24233 | Swamp:2  | Found a runed translucent gate.
 24234 | Swamp:2  | Found a runed translucent gate.
 24237 | Swamp:2  | Noticed Xoareq's ghost (journeyman DgAl)
 25334 | Swamp:4  | Entered Level 4 of the Swamp
 26165 | Swamp:4  | Reached skill level 5 in Armour
 26663 | Swamp:4  | Reached skill level 18 in Unarmed Combat
 27236 | Swamp:4  | Reached XP level 17. HP: 133/150 MP: 20/20
 27963 | Swamp:4  | Noticed the 27-headed Lernaean hydra
 28204 | Spider:1 | Entered Level 1 of the Spider Nest
 28413 | Spider:1 | Noticed Donald
 28422 | Spider:1 | Killed Donald
 28524 | Spider:1 | Found a glacial archway.
 28581 | IceCv    | Entered an ice cave
 29510 | IceCv    | Noticed an Ice Fiend
 29675 | IceCv    | Killed an Ice Fiend
 29801 | IceCv    | Identified the ring of Samouw {rC+ Int+4}
 31044 | Spider:2 | HP: 1/169 [tarantella (8)]
 31044 | Spider:2 | Slain by a redback

Illustrated notes

Levels and vault maps discovered:
D:1:      sevenhm_arrival_forest_fort_large_2, layout_basic
D:2:      layout_basic, hellmonk_ecumenical_altar_slurped_away,
          hangedman_decor_opposing, nrook_mini_vaults, minmay_3d_cube,
          uniq_crazy_yiuf_cottage
D:3:      cheibrodos_greedy_goblins, layout_basic, kennysheep_generic_room_5
D:4:      layout_basic, worldfamousw_hep_ancestral_shrine, uniq_pikel,
          uniq_grinder
D:5:      layout_basic, zin_treasury
D:6:      layout_cave_pools, chequers_ossuary_entry_cave, nrook_loot_triangle,
          uniq_jeremiah
D:7:      layout_rooms, mainiacjoe_overflow_cross_hatched,
          minmay_temple_entry_arrows, gammafunk_ghost_nasty_kobolds
D:8:      layout_basic, mrwooster_statue_mirror, nicolae_wwwww, uniq_maurice
D:9:      minmay_razor_zed, layout_irregular_city, erik_lair_island,
          david_orc_3, enter_bailey_3, kennysheep_minor_cross,
          kennysheep_small_circle
D:10:     layout_loops_ring, minmay_shop_mass, grunt_ministairs_6, uniq_grum
D:11:     layout_basic, uniq_psyche
D:12:     layout_roguey
D:13:     minmay_the_grid_four_pointed_star_mashed
          [minmay_the_grid_triangle_9x9_sprig,
          minmay_the_grid_triangle_9x9_dagger,
          minmay_the_grid_triangle_9x9_sparse_checkered,
          minmay_the_grid_triangle_9x9_zippers_vertical,
          minmay_the_grid_prize_big_room], layout_loops_corners,
          grunt_vaults_entry_tiered, serial_shops, nicolae_take_the_stairs,
          nrook_pool_corridor
D:14:     layout_roguey [special_room_orc], kennysheep_decorative_pillar,
          kennysheep_generic_room_6, uniq_snorg, uniq_louise
D:15:     gammafunk_depths_entry_grave, layout_rooms, serial_curves,
          eino_curves_01, eino_curves_02, eino_curves_03, eino_curves_02,
          chequers_serial_rivers_marsh, kiku_gazebo_garden_becter
Lair:1:   layout_regular_city, lightli_volcano_entry_magma_tube
Lair:2:   statuecave_lemuel, layout_chaotic_city,
          hellmonk_spider_entry_not_the_bees, lemuel_fruit_fields
Lair:3:   layout_cave_pods, mainiacjoe_swamp_entry_lozenge_pond, serial_bayou,
          serial_bayou_pond_a, serial_bayou_pond_e, serial_bayou_lagoon_a,
          serial_bayou_pond_d, st_stairs_13, grunt_forest_large_clearing_hut,
          serial_bayou_shore_a
Lair:4:   layout_roguey, slime_entry_1, columned_hall_lemuel, uniq_urug
Lair:5:   minmay_lair_end_enchanted_forest, layout_cave_pods, minivault_24
Swamp:1:  nicolae_swamp_ascending_descending_big, layout_basic_swamp,
          evilmike_swamp_ruin_house_4, nicolae_swamp_tree_isthmus
Swamp:2:  layout_falls_marsh, gammafunk_ghost_necromancy,
          hangedman_swamp_diagram
Swamp:3:  layout_basic_swamp, nicolae_swamp_bean_lake, swamp_pool_4,
          nicolae_swamp_long_stream
Swamp:4:  grunt_swamp_rune_castle, layout_basic_swamp, swamp_pool_5,
          nicolae_swamp_alligator_family
Spider:1: layout_cave_pods, portal_ice_cave_entry_ice_statue_two,
          hellmonk_test_site, hangedman_spider_tarantella_strand, uniq_donald
Spider:2: layout_spider_delve, nicolae_spider_some_kinda_spiderbox
Orc:1:    layout_caves, basic_altar
Orc:2:    kennysheep_orc_mage_school, layout_caves, okawaru_metal_pillars_3

Skill      XL: |  1  2  3  4  5  6  7  8  9 10 11 12 13 14 15 16 17 |
---------------+----------------------------------------------------+-----
Unarmed Combat | 3 4 6 8 10 11 13 16 18 | 18.2
Stealth        | 1 2 5 |  5.0
Shapeshifting  | 3 4 5 6 7 11 12 14 | 14.9
Fighting       | 3 5 6 7 9 10 12 13 14 | 14.2
Dodging        | 4 6 7 8 9 10 | 10.0
Evocations     | 3 7 9 |  9.0
Armour         | 5 |  5.5

Action                     |  1- 3 |  4- 6 |  7- 9 | 10-12 | 13-15 | 16-18 || total
---------------------------+-------+-------+-------+-------+-------+-------++-------
  Melee: Unarmed           |    81 |    19 |   408 |   377 |  1268 |   668 ||  2821
         Dagger            |    36 |   150 |    57 |     3 |       |       ||   246
         Punch             |     1 |     1 |       |       |       |       ||     2
         Kick              |       |       |       |     2 |       |       ||     2
         Constrict         |       |       |       |       |   254 |   130 ||   384
  Throw: Boomerang         |     4 |    12 |       |     3 |       |       ||    19
         Dart              |       |       |       |     4 |       |       ||     4
  Evoke: Wand              |       |       |     3 |     7 |     5 |    28 ||    43
         Lightning rod     |       |       |       |       |     3 |     7 ||    10
         Sack of spiders   |       |       |       |       |       |     2 ||     2
         Condenser vane    |       |       |       |       |       |     1 ||     1
    Use: Scroll            |       |     3 |     7 |     6 |     8 |     7 ||    31
         Potion            |       |     1 |     7 |     2 |     2 |     7 ||    19
   Stab: Sleeping          |     7 |       |     2 |       |    10 |     7 ||    26
         Paralysed         |       |       |       |     8 |       |       ||     8
         Distracted        |       |       |       |       |     3 |     1 ||     4
         Invisible         |       |       |       |       |     4 |       ||     4
 Armour: Animal skin       |    22 |       |       |       |       |       ||    22
         Robe              |    31 |       |       |       |       |       ||    31
         Plate armour      |       |   143 |    61 |     4 |       |       ||   208
         Skin              |       |     7 |   197 |   160 |   918 |   701 ||  1983
  Dodge: Dodged            |    67 |    32 |   336 |   350 |   787 |   456 ||  2028
   Form: Flux              |       |       |     1 |     1 |     3 |       ||     5
                           |       |       |       |     1 |     7 |       ||     8
         Beast             |       |       |       |     1 |       |       ||     1
         Serpent           |       |       |       |       |    10 |     1 ||    11
         Blade             |       |       |       |       |     5 |     1 ||     6

Table legend: (Time is in decaauts)
 A = Elapsed time spent in this place.
 B = Non-inter-level travel time spent in this place.
 C = Inter-level travel time spent in this place.
 D = Time resting spent in this place.
 E = Time spent auto-exploring this place.
 F = Levels seen in this place.
 G = Mean time per level.
                   A        B        C        D        E       F      G
               +--------+--------+--------+--------+--------+-----+--------+
         Total |  30393 |  28179 |   2214 |   4996 |  15762 |  31 |  980.4 |
       Dungeon |  13881 |  12841 |   1040 |   1222 |   8108 |  15 |  925.4 |
          Lair |   5645 |   5032 |    613 |    354 |   3562 |   5 | 1129.0 |
         Swamp |   5055 |   4789 |    266 |   1983 |   1771 |   4 | 1263.8 |
   Spider Nest |   1460 |   1412 |     48 |    297 |    651 |   2 |  730.0 |
  Orcish Mines |   1838 |   1593 |    245 |    251 |    923 |   2 |  919.0 |
       Ossuary |    566 |    566 |      0 |     47 |    239 |   1 |  566.0 |
        Bailey |    629 |    629 |      0 |     18 |    284 |   1 |  629.0 |
      Ice Cave |   1317 |   1317 |      0 |    823 |    223 |   1 | 1317.0 |
               +--------+--------+--------+--------+--------+-----+--------+

Top non-repeatable levels by time:
 Swamp:4: 1717 daAuts
    D:13: 1703 daAuts
  Lair:5: 1671 daAuts
   Orc:2: 1471 daAuts
   IceCv: 1317 daAuts
     D:9: 1316 daAuts
 Swamp:3: 1294 daAuts
Spider:1: 1269 daAuts
     D:4: 1140 daAuts
    D:14: 1120 daAuts
  Lair:3: 1120 daAuts
 Swamp:2: 1101 daAuts
  Lair:2: 1100 daAuts
     D:2: 977 daAuts
 Swamp:1: 942 daAuts
